 Dungeon Crawl Stone Soup version 0.21.1-1-g345015fe64 (webtiles) character file.

180 Htamos the Insei (level 5, -9/27 HPs)
             Began as a Spriggan Berserker on July 10, 2018.
             Was a Believer of Trog.
             Mangled by an orc
             ... wielding a +2 trident of freezing
              (12 damage)
             ... on level 3 of the Dungeon.
             The game lasted 00:03:39 (2374 turns).

Htamos the Insei (Spriggan Berserker)               Turns: 2374, Time: 00:03:40

Health: -9/27      AC:  2    Str: 13    XL:     5   Next: 33%
Magic:  6/6        EV: 19    Int:  9    God:    Trog [**....]
Gold:   123        SH:  5    Dex: 16    Spells: 4/4 levels left

rFire    . . .     SeeInvis +     - Unarmed
rCold    . . .     Gourm    .   j - +0 buckler
rNeg     . . .     Faith    .   a - +0 animal skin
rPois    .         Spirit   .   (helmet restricted)
rElec    .         Reflect  .   (no cloak)
rCorr    .         Harm     .   (gloves unavailable)
MR       ++...                  (boots unavailable)
Stlth    +.........             (no amulet)
HPRegen  1.09/turn              (no ring)
MPRegen  0.10/turn              (no ring)

@: regenerating, hasted, very quick
A: very small, unfitting armour, see invisible, herbivore, speed 3, slow
metabolism 2
a: Berserk, Trog's Hand, Burn Spellbooks, Renounce Religion


You were on level 3 of the Dungeon.
You worshipped Trog.
Trog was pleased with you.
You were not hungry.

You visited 1 branch of the dungeon, and saw 3 of its levels.

You collected 123 gold pieces.

Inventory:

Missiles
 l - 34 stones (quivered)
Armour
 a - a +0 animal skin (worn)
 j - a +0 buckler (worn)
Jewellery
 d - a cursed ring of see invisible {unknown}
Scrolls
 c - 6 scrolls of identify {unknown}
 e - 2 scrolls of fog {unknown}
 g - a scroll of immolation {unknown}
 h - a scroll of enchant armour {unknown}
 n - 3 scrolls of remove curse {unknown}
Potions
 f - a potion of agility {unknown}
 i - a potion of curing {unknown}
 k - a potion of degeneration {unknown}
 m - a potion of ambrosia {unknown}
 o - a potion of haste
 p - a potion of mutation {unknown}
Comestibles
 b - 6 rations


   Skills:
 - Level 2.4 Fighting
 - Level 4.4 Dodging
 + Level 5.0 Unarmed Combat


You had 4 spell levels left.
You didn't know any spells.

Dungeon Overview and Level Annotations

Branches:
Dungeon (3/15)

Altars:
Hepliaklqana
Kikubaaqudgha
Makhleb
Qazlal


Innate Abilities, Weirdness & Mutations

You are very small and have problems with some larger weapons.
You are too small for most types of armour.
You have supernaturally acute eyesight. (SInv)
You are a herbivore.
You cover ground extremely quickly.
You need consume almost no food.


Message History

* * * LOW HITPOINT WARNING * * *
The orc wizard barely misses you.
You hit the orc wizard.
The orc wizard is almost dead.
The orc wizard barely misses you.
The orc wizard casts a spell.
The orc wizard blinks!
The orc misses you.
You hit the orc wizard.
You kill the orc wizard!
Trog accepts your kill.
Trog appreciates your killing of a magic user.
Your Unarmed Combat skill increases to level 5!
The orc wizard gestures at you while chanting.
The magic dart hits you!
* * * LOW HITPOINT WARNING * * *
Your skin crawls.
You feel resistant to hostile enchantments.
You feel somewhat more hungry.
The orc hits you from afar with a trident of freezing!
You die...

##### ## #...# ##.
#.#.# ######..
#o#.# #....#..
#@#.#######....+.⌠
#o#....<.......#PP
o.#########....#..
...+ ###....##.
....# #...#....#
###### #.#.###.#.
#.#.#...#.
#####.#.#.###.
#.....#.#.....


You could see an orc wizard and 2 orcs.

Vanquished Creatures
  An orc wizard (D:3)
  Natasha (thrice) (D:2)
  An adder (D:3)
  A shadow imp (D:2)
  An ooze (D:3)
  A worm (D:3)
  2 dart slugs
  5 leopard geckos
  2 giant cockroaches
  7 goblins
  8 hobgoblins
  2 jackals (D:1)
  2 bats
  4 frilled lizards
  4 kobolds
  4 rats
48 creatures vanquished.

Notes
Turn   | Place    | Note
-------+----------+-------------------------------------------
     0 | D:1      | Htamos the Spriggan Berserker began the quest for the Orb.
     0 | D:1      | Reached XP level 1. HP: 11/11 MP: 2/2
   121 | D:1      | Reached XP level 2. HP: 16/16 MP: 3/3
   127 | D:1      | Reached skill level 3 in Unarmed Combat
   526 | D:1      | Reached ** piety under Trog
   698 | D:1      | Reached XP level 3. HP: 19/19 MP: 4/4
   770 | D:2      | Noticed Natasha
   783 | D:2      | Killed Natasha
   792 | D:2      | Noticed Natasha
   980 | D:2      | Killed Natasha
   980 | D:2      | Reached skill level 4 in Unarmed Combat
   980 | D:2      | Reached XP level 4. HP: 11/23 MP: 5/5
  1246 | D:2      | Noticed Natasha
  1255 | D:2      | Killed Natasha
  1707 | D:2      | Found a burning altar of Makhleb.
  2250 | D:3      | Found a hazy altar of Hepliaklqana.
  2250 | D:3      | Found a stormy altar of Qazlal.
  2252 | D:3      | Found an ancient bone altar of Kikubaaqudgha.
  2258 | D:3      | Reached XP level 5. HP: 27/27 MP: 6/6
  2373 | D:3      | Reached skill level 5 in Unarmed Combat
  2374 | D:3      | Mangled by an orc

Skill      XL: |  1  2  3  4  5 |
---------------+----------------+-----
Unarmed Combat | 3 4 5 |  5.0
Fighting       | |  2.4
Dodging        | |  4.4

Action                   |  1- 3 |  4- 6 || total
-------------------------+-------+-------++-------
Melee: Unarmed           |   104 |    86 ||   190
Invok: Trog's Hand       |       |     1 ||     1
  Use: Potion            |       |     1 ||     1
 Stab: Sleeping          |     1 |     2 ||     3
Armor: Animal skin       |     7 |     3 ||    10
Dodge: Dodged            |    84 |    55 ||   139
Block: Buckler           |     5 |    14 ||    19
